Map: [ESL] Dragon Scales

Players

Rex - Winner!

  • Race: Zerg Zerg
  • Spawn Location: 5:00

GogojOey

  • Race: Zerg Zerg
  • Spawn Location: 11:00

Event: ESL SC2 Masters 2023 Summer (Regionals)

VOD

Have the link to the VOD?

Description

Time

  • Played on: May 6, 2023, 7:27 a.m.
  • Length: 10:43

All games in this series

Show
View Real Time Build Order
Export as new Build Order

Rex Zerg - Winner!

Build Orders: Hatch First 

Get SALT Encoding   

  12  0:00  Drone  
  13  0:11  Overlord  
  13  0:17  Drone  
  14  0:30  Drone x2  
  16  0:47  Hatchery  
  15  0:50  Drone  
  15  0:54  Drone  
  15  0:57  Drone  
  18  1:08  Extractor  
  17  1:12  Spawning Pool  
  17  1:15  Drone  
  17  1:19  Drone  
  18  1:27  Drone  
  19  1:38  Drone  
  20  1:49  Drone  
  21  1:59  Queen x2  
  21  2:00  Overlord, Zergling x2  
  26  2:11  Drone  
  26  2:12  Drone, Metabolic Boost  
  28  2:21  Drone  
  28  2:22  Zergling x2  
  30  2:34  Hatchery, Drone  
  30  2:43  Queen  
  32  2:48  Drone  
  33  2:54  Evolution Chamber  
  33  2:55  Overlord  
  33  2:57  Drone  
  32  2:59  Drone  
  32  3:03  Drone  
  34  3:11  Drone x2  
  36  3:14  Drone x3  
  36  3:16  Drone  
  40  3:22  Zerg Ground Armor Level 1  
  40  3:28  Overlord  
  40  3:30  Zergling x2  
  40  3:32  Drone  
  42  3:36  Drone x2  
  42  3:41  Overlord  
  44  3:42  Overlord  
  44  3:47  Drone x3  
  47  3:54  Roach Warren  
  47  3:55  Drone  
  47  3:56  Drone  
  47  3:58  Drone  
  49  4:03  Drone  
  49  4:04  Drone x3  
  53  4:13  Lair  
  53  4:14  Extractor  
  53  4:15  Extractor  
  51  4:17  Drone x4  
  51  4:20  Drone x2  
  51  4:22  Drone  
  51  4:23  Drone  
  59  4:24  Extractor  
  59  4:29  Zergling x6  
  61  4:34  Overlord  
  61  4:35  Overlord  
  61  4:46  Roach x6  
  61  4:49  Overlord  
  61  4:51  Overlord  
  73  4:55  Overlord  
  73  4:56  Drone  
  73  4:57  Roach  
  76  5:03  Overlord  
  75  5:07  Roach x3  
  75  5:13  Drone  
  82  5:15  Drone  
  82  5:16  Drone x3, Hydralisk Den  
  82  5:18  Zerg Missile Weapons Level 1  
  82  5:19  Overseer  
  85  5:26  Drone x5  
  85  5:28  Drone  
  91  5:31  Glial Reconstitution  
  91  5:38  Drone x2  
  91  5:41  Spore Crawler  
  91  5:42  Spore Crawler  
  91  5:44  Overlord, Spore Crawler  
  91  5:46  Spore Crawler  
  91  5:48  Spore Crawler, Lurker Den  
  91  5:49  Roach  
  89  5:53  Extractor  
  89  5:56  Roach x4  
  96  6:03  Overlord x2  
  96  6:05  Roach x2  
  94  6:25  Hydralisk, Queen  
  93  6:26  Hydralisk x4  
  101  6:33  Spore Crawler x2  
  101  6:35  Overlord  
  101  6:39  Queen  
  99  6:40  Queen  
  99  6:43  Drone x5  
  108  6:48  Overlord  
  108  6:51  Extractor, Infestation Pit  
  106  6:57  Drone x2, Spore Crawler  
  106  6:58  Drone x4  
  111  7:06  Hydralisk x3  
  116  7:08  Lurker x2  
  116  7:09  Lurker  
  116  7:11  Drone x2  
  115  7:25  Drone x7  
  115  7:27  Overlord  
  115  7:29  Extractor  
  121  7:36  Overlord x2, Pathogen Glands  
  121  7:43  Queen  
  121  7:47  Hydralisk x5  
  121  7:48  Hydralisk  
  121  7:50  Hydralisk  
  127  7:58  Hydralisk, Spore Crawler  
  126  7:59  Hydralisk x2  
  132  8:05  Evolution Chamber  
  132  8:07  Evolution Chamber  
  132  8:08  Evolution Chamber  
  132  8:11  Drone x2  
  131  8:15  Overlord  
  131  8:16  Overlord  
  131  8:17  Zerg Missile Weapons Level 2  
  131  8:26  Infestor x2  
  135  8:32  Grooved Spines  
  131  8:50  Drone x4  
  131  8:51  Spore Crawler, Infestor x2  
  131  8:52  Spore Crawler  
  137  9:01  Hydralisk x3  
  143  9:03  Overlord  
  143  9:04  Overlord x2  
  143  9:05  Overlord  
  143  9:10  Roach  
  143  9:11  Roach x5, Evolution Chamber, Spore Crawler  
  143  9:12  Evolution Chamber  
  152  9:18  Roach x3  
  152  9:19  Overseer  
  152  9:23  Roach  
  152  9:24  Roach x3, Evolution Chamber  
  163  9:28  Roach  
  167  9:40  Roach x3  
  156  9:48  Roach x2  
  160  9:58  Hydralisk  
  162  10:00  Hydralisk  
  162  10:01  Drone  
  165  10:13  Hydralisk x5  
  167  10:17  Hydralisk  
Show
View Real Time Build Order
Export as new Build Order

GogojOey Zerg 

Build Orders: Hatch First 

Get SALT Encoding   

  12  0:00  Drone  
  13  0:12  Overlord  
  13  0:17  Drone  
  14  0:30  Drone x2  
  16  0:48  Hatchery  
  15  0:51  Drone  
  15  0:55  Drone  
  17  0:58  Drone  
  18  1:09  Extractor  
  17  1:13  Spawning Pool  
  17  1:16  Drone  
  17  1:20  Drone  
  18  1:27  Drone  
  19  1:38  Drone  
  20  1:49  Drone  
  21  2:00  Overlord, Queen x2  
  26  2:01  Drone  
  26  2:10  Drone  
  26  2:11  Drone  
  28  2:21  Drone  
  28  2:22  Drone  
  30  2:31  Overlord  
  30  2:33  Drone  
  30  2:36  Queen  
  33  2:43  Drone x2  
  35  2:46  Lair  
  35  2:54  Drone, Evolution Chamber  
  35  2:55  Drone  
  36  3:05  Metabolic Boost  
  36  3:08  Drone x7  
  43  3:15  Extractor  
  43  3:16  Overlord  
  43  3:17  Extractor x2  
  43  3:19  Drone  
  41  3:27  Roach Warren  
  41  3:33  Drone x2  
  41  3:34  Drone, Evolution Chamber  
  42  3:42  Drone x2  
  42  3:45  Drone x2  
  42  3:46  Drone  
  47  3:51  Spire  
  47  3:54  Drone  
  47  4:03  Overlord  
  47  4:04  Zerg Melee Weapons Level 1  
  47  4:07  Drone x2  
  47  4:09  Roach  
  51  4:13  Overlord  
  51  4:22  Roach x2  
  55  4:25  Overlord  
  55  4:28  Glial Reconstitution  
  55  4:34  Drone  
  56  4:39  Overlord  
  56  4:41  Drone  
  57  5:04  Hatchery, Mutalisk x5  
  66  5:11  Mutalisk  
  66  5:13  Zergling x2  
  66  5:14  Zergling x8  
  73  5:19  Zergling x2  
  73  5:20  Zergling x4  
  76  5:23  Overlord  
  76  5:32  Mutalisk  
  78  5:36  Zergling x2  
  79  5:44  Mutalisk x2  
  83  5:53  Mutalisk  
  83  5:55  Zergling x10  
  90  6:04  Overlord  
  90  6:09  Mutalisk  
  91  6:15  Mutalisk  
  91  6:16  Mutalisk  
  91  6:17  Zergling x8  
  91  6:19  Drone x2  
  91  6:24  Mutalisk  
  93  6:26  Drone x2  
  93  6:31  Drone  
  96  6:33  Hatchery  
  96  6:38  Drone  
  96  6:39  Drone  
  97  6:41  Drone  
  97  6:43  Zerg Flyer Weapons Level 1  
  97  6:46  Drone x3  
  101  6:51  Drone x3  
  104  6:57  Overlord x2  
  104  7:00  Zerg Melee Weapons Level 2  
  104  7:02  Drone x2, Baneling Nest  
  104  7:04  Extractor  
  104  7:06  Extractor  
  101  7:16  Mutalisk x2  
  101  7:21  Mutalisk  
  102  7:23  Zergling x16  
  110  7:31  Overlord  
  110  7:32  Mutalisk  
  110  7:36  Mutalisk  
  108  7:52  Mutalisk x2  
  108  7:53  Drone x6  
  108  7:54  Queen  
  120  7:58  Drone x5  
  120  8:00  Centrifugal Hooks  
  127  8:05  Drone x3  
  127  8:08  Zergling x6  
  127  8:11  Drone  
  127  8:12  Drone x2  
  134  8:13  Extractor  
  134  8:14  Extractor  
  134  8:15  Overlord  
  134  8:19  Overlord  
  132  8:25  Drone x2  
  132  8:26  Drone  
  135  8:31  Baneling x10  
  135  8:48  Baneling x13  
  133  8:50  Mutalisk x3  
  133  8:52  Zergling x14  
  146  9:00  Overlord x2  
  146  9:04  Mutalisk x2  
  146  9:05  Mutalisk  
  152  9:16  Overlord  
  152  9:17  Overlord  
  152  9:21  Zergling x10  
  154  9:38  Zergling x28  
  147  9:42  Mutalisk x2  
  147  9:44  Zergling x6  
  149  9:50  Baneling x2  
  149  9:51  Baneling x6  
  149  9:59  Mutalisk x5  
  148  10:01  Baneling  
  148  10:06  Baneling x4  
  158  10:08  Overseer  
  139  10:15  Mutalisk  
  139  10:17  Zergling x22  
Tags
 
Add a new tag
Caveats
  • Supply blocks, unpowered buildings, or Contaminate may cause inaccurate times.
  • Supply counts are checked every 10 seconds.